 Dungeon Crawl Stone Soup version 0.16-a0-2933-g7171bc0 (webtiles) character file.

526 Minkie the Cudgeler (level 7, -2/57 HPs)
             Began as a Pale Draconian Fighter on Dec 2, 2014.
             Slain by Metavex's ghost (13 damage)
             ... on level 5 of the Dungeon on Dec 3, 2014.
             The game lasted 00:19:09 (3636 turns).

Minkie the Cudgeler (Pale Draconian Fighter)        Turns: 3636, Time: 00:19:09

Health: -2/57      AC: 13    Str: 18      XL:     7   Next: 2%
Magic:  7/7        EV: 10    Int:  9      God:
Gold:   253        SH:  8    Dex:  9 (12) Spells: 0 memorised, 6 levels left

rFire  . . .     SeeInvis .     k - +2 mace (protect)
rCold  . . .     Clarity  .     (armour unavailable)
rNeg   . . .     SustAb   .     c - +0 shield
rPois  .         Gourm    .     (helmet restricted)
rElec  .         Spirit   .     (no cloak)
rCorr  .         Warding  .     b - +0 pair of gloves
rMut   .         Stasis   .     d - +0 pair of boots
MR     .....                    (no amulet)
Stlth  +.........               (no ring)
                                (no ring)

@: not resistant to hostile enchantments, very unstealthy
A: breathe steam, unfitting armour, cold-blooded, AC +6
a: Breathe Steam


You were on level 5 of the Dungeon.
You were very hungry.

You visited 1 branch of the dungeon, and saw 5 of its levels.

You collected 253 gold pieces.

Inventory:

Hand weapons
 k - a +2 mace of protection (weapon)
 w - a +4 whip
Armour
 b - a +0 pair of gloves (worn)
 c - a +0 shield (worn)
 d - a +0 pair of boots (worn)
Scrolls
 a - a scroll of immolation {unknown}
 g - 2 scrolls of remove curse {unknown}
 j - a scroll of teleportation {unknown}
 n - a scroll of amnesia {unknown}
 o - 3 scrolls of identify {unknown}
Potions
 e - a potion of might
 h - 2 potions of haste {unknown}
 l - a potion of poison {unknown}
 m - a potion of curing {unknown}
 s - a potion of berserk rage {unknown}
 t - a potion of cancellation {unknown}
 u - a potion of flight {unknown}
 v - a potion of invisibility {unknown}
Books
 r - a Plane Papyrus {highlevel, unknown}

   This book is beyond your current level of understanding.

   Spells                             Type                      Level
   a - Dispersal                      Translocation                6
   b - Controlled Blink               Translocation                7
   c - Malign Gateway                 Summoning/Translocation      7
   d - Disjunction                    Translocation                8
   e - Singularity                    Translocation                9
Comestibles
 f - 2 bread rations
 i - 10 fruits
 p - a meat ration
 q - a royal jelly


   Skills:
 - Level 3.2 Fighting
 + Level 7.7 Maces & Flails
 - Level 2.6 Dodging
 - Level 3.0 Shields


You had 6 spell levels left.
You didn't know any spells.

Dungeon Overview and Level Annotations

Branches:
Dungeon (5/15)
 Temple: D:4-7

Altars:
Ashenzari
Dithmenos
Qazlal
Ru
Trog
Yredelemnul
Zin

Shops:
D:5 :[*

Annotations:
D:2 Terence
D:5 Metavex's ghost, experienced GrBe


Innate Abilities, Weirdness & Mutations

You can breathe blasts of scalding steam.
Your pale cyan-grey scales are hard (AC +6).
Your body does not fit into most forms of armour.
Your cold-blooded metabolism reacts poorly to cold.


Message History

You hit Metavex's ghost but do no damage.
Metavex's ghost hits you!
You thump Metavex's ghost!
You tail-slap Metavex's ghost, but do no damage.
Metavex's ghost is moderately damaged.
Metavex's ghost hits you.
You hit Metavex's ghost but do no damage.
Metavex's ghost is moderately damaged.
Metavex's ghost hits you!
* * * LOW HITPOINT WARNING * * *
You closely miss Metavex's ghost.
Metavex's ghost is moderately damaged.
Metavex's ghost hits you but does no damage.
You closely miss Metavex's ghost.
Metavex's ghost is moderately damaged.
Metavex's ghost hits you but does no damage.
You thump Metavex's ghost!
Metavex's ghost is heavily damaged.
Metavex's ghost hits you!
You die...

#... #.# #..#.. ...##.#
##...# #..#S# #..## #...##
#..# #...# ##..# #.$.##
##..### ###'#..###
###...#.. #.'∩'....######
#...#.#.8
#.#'####W@†...####.###....
#... ######.##...# #.8.∩
##.# ######.##.### ####.
.. #.........# #.8 .!#
...####....### #.. #
####...#####.. ###........
######... ##..


You could see Metavex's ghost.

Vanquished Creatures
  A big kobold (D:4)
  A scorpion (D:4)
  A crimson imp (D:5)
  A quasit (D:5)
  A jelly (D:5)
  A hound (D:4)
  An orc wizard (D:3)
  2 worker ants
  A hound skeleton (D:5)
  Robin (D:2)
  8 adders
  A giant mite (D:4)
  4 worms
  An ooze (D:2)
  9 orcs
  A ball python (D:5)
  13 bats
  2 hobgoblins
  3 jackals
  5 giant cockroaches
  A giant gecko skeleton (D:5)
  8 giant newts
  6 goblins
  23 kobolds
  2 quokkas
  A quokka zombie (D:3)
  9 rats
108 creatures vanquished.

Notes
Turn   | Place    | Note
--------------------------------------------------------------
     0 | D:1      | Minkie, the Draconian Fighter, began the quest for the Orb.
     0 | D:1      | Reached XP level 1. HP: 19/19 MP: 1/1
   538 | D:1      | Reached XP level 2. HP: 24/26 MP: 2/2
   692 | D:2      | Noticed Terence
   898 | D:2      | Reached XP level 3. HP: 31/31 MP: 3/3
   946 | D:2      | Noticed Robin
   966 | D:2      | Killed Robin
  1151 | D:2      | Found a stormy altar of Qazlal.
  1153 | D:2      | Noticed an air elemental
  1154 | D:2      | Noticed an earth elemental
  1154 | D:2      | Noticed a fire elemental
  1154 | D:2      | Noticed a water elemental
  1180 | D:2      | Reached skill level 4 in Maces & Flails
  1412 | D:2      | Reached XP level 4. HP: 38/38 MP: 4/4
  1463 | D:2      | Found a basalt altar of Yredelemnul.
  1707 | D:3      | Found a shadowy altar of Dithmenos.
  1710 | D:3      | Found a glowing silver altar of Zin.
  1736 | D:3      | Reached skill level 5 in Maces & Flails
  2044 | D:3      | Reached XP level 5. HP: 45/45 MP: 5/5
  2256 | D:4      | Reached skill level 6 in Maces & Flails
  2413 | D:4      | Reached XP level 6. HP: 51/51 MP: 6/6
  2625 | D:4      | Found a bloodstained altar of Trog.
  2692 | D:4      | Reached skill level 7 in Maces & Flails
  2831 | D:4      | Found a sacrificial altar of Ru.
  2937 | D:4      | Found a shattered altar of Ashenzari.
  3244 | D:5      | Entered Level 5 of the Dungeon
  3258 | D:5      | Found Brigih's Book Emporium.
  3260 | D:5      | Noticed Metavex's ghost (experienced GrBe)
  3546 | D:5      | Found Zenneo Caani's General Store.
  3602 | D:5      | Your scales start fading to a pale cyan-grey colour.
  3602 | D:5      | Reached XP level 7. HP: 53/57 MP: 7/7
  3603 | D:5      | Upgraded the game from 0.16-a0-2932-g710f2c4 to 0.16-a0-2933-g7171bc0
  3604 | D:5      | Found Faotylo's Antique Armour Emporium.
  3636 | D:5      | Slain by Metavex's ghost

Action                   |  1- 3 |  4- 6 |  7- 9 || total
-------------------------+-------+-------+-------++-------
Melee: Flail             |    76 |       |       ||    76
       Mace              |    25 |   256 |    18 ||   299
       Whip              |       |    17 |       ||    17
 Stab: Sleeping          |       |     1 |       ||     1
  Eat: Chunk             |     1 |     7 |       ||     8
